AoeStats
← LeoConda

Black Forest

503300352Analyzed
2v2 RM · 1mo ago on Aug 31, 2026· 41m 50s· 4 players
Game mode
Random Map
Map size
Medium (4 player)
Population
200
Speed
Normal
Resources
Standard
Victory
Conquest
Starting age
Dark Age
Ending age
Imperial Age
RankedLock teamsTeams togetherTeam positionsShared explorationLock speedFull tech treeHidden civsTurbo modeCheats
Victory
Defeat
🇲🇽 Huns · Mexico
649
+17
🇲🇽 Britons · Mexico
469
+24
🇨🇱 Mongols · Chile
694
-48
🇨🇱 Mapuche · Chile
653
-20
danielovs9
0:27 Loom
14:50 Feudal Age
15:30 Double-Bit Axe
16:46 Wheelbarrow
16:03 Gold Mining
21:04 Castle Age
19:54 Horse Collar
20:27 Scale Barding Armor
21:36 Bloodlines
24:47 Wheelbarrow
24:37 Scale Mail Armor
29:04 Bow Saw
29:48 Chain Mail Armor
32:28 Hand Cart
35:28 Chain Barding Armor
37:11 Light Cavalry
37:53 Husbandry
39:09 Gold Shaft Mining
38:25 Stone Mining
Daiceman8175
0:49 Loom
14:21 Feudal Age
16:19 Fletching
16:23 Double-Bit Axe
22:29 Horse Collar
25:42 Wheelbarrow
28:03 Castle Age
27:08 Gold Mining
27:08 Stone Mining
29:28 Elite Skirmisher
29:55 Pikeman
30:23 Gambesons
31:49 Hand Cart
36:20 Imperial Age
35:07 Bodkin Arrow
35:13 Padded Archer Armor
35:18 Squires
39:00 Caravan
38:29 Elite Longbowman
39:30 Conscription
39:30 Yeomen
42:12 Chemistry
41:32 Ballistics
41:21 Warwolf
41:43 Husbandry
vicentejoaquin97
2:56 Loom
12:13 Feudal Age
13:28 Horse Collar
16:20 Double-Bit Axe
24:46 Castle Age
26:05 Coinage
25:38 Caravan
27:06 Heavy Plow
27:17 Bow Saw
26:58 Gold Mining
26:59 Stone Mining
28:33 Wheelbarrow
33:45 Fletching
34:13 Pikeman
35:35 Scale Mail Armor
35:46 Forging
37:03 Elite Skirmisher
37:55 Bodkin Arrow
40:01 Hand Cart
42:20 Imperial Age
LeoConda
5:49 Loom
11:03 Feudal Age
12:42 Wheelbarrow
12:55 Double-Bit Axe
13:27 Horse Collar
20:50 Gold Mining
21:57 Town Watch
24:37 Castle Age
25:39 Hand Cart
25:39 Bow Saw
26:55 Heavy Plow
29:37 Pikeman
30:59 Scale Mail Armor
31:19 Fletching
34:31 Squires
39:28 Chain Mail Armor
39:25 Forging
Connection lost

Rejoining the realm…

Still unreachable

The connection could not be restored.

Session expired

The server has moved on; the page needs a fresh start.